 Dungeon Crawl Stone Soup version 0.19.5 (webtiles) character file.

126 smedtjen the Firebug (level 4, -6/33 HPs)
             Began as a Demigod Fire Elementalist on May 28, 2017.
             Mangled by an iguana (11 damage)
             ... on level 4 of the Dungeon.
             The game lasted 00:14:49 (2748 turns).

smedtjen the Firebug (Demigod Fire Elementalist)    Turns: 2748, Time: 00:14:50

Health: -6/33      AC:  8    Str: 11    XL:     4   Next: 54%
Magic:  3/10       EV:  9    Int: 21    God:
Gold:   123        SH:  0    Dex: 16    Spells: 3 memorised, 2 levels left

rFire  . . .     SeeInvis .     C - +0 spear
rCold  . . .     Gourm    .     f - +0 scale mail
rNeg   . . .     Faith    .     (no shield)
rPois  .         Spirit   .     (no helmet)
rElec  .         Reflect  .     r - +0 cloak
rCorr  .         Harm     .     (no gloves)
MR     .....     Rnd*Tele +     t - +0 pair of boots
Stlth  +.........               (no amulet)
                                (no ring)
                                v - ring of teleportation (curse)

@: very slightly contaminated
A: high mp 1
a: no special abilities


You were on level 4 of the Dungeon.
You were not hungry.

You visited 1 branch of the dungeon, and saw 4 of its levels.

You collected 123 gold pieces.

Inventory:

Hand Weapons
 q - a +0 short sword
 x - a +0 dagger
 C - a +0 spear (weapon)
Missiles
 k - 110 stones (quivered)
 l - 49 sling bullets
 o - 18 bolts
 p - 7 needles of paralysis
Armour
 a - a +0 robe
 f - a +0 scale mail (worn)
 j - a +0 leather armour
 r - a +0 cloak (worn)
 t - a +0 pair of boots (worn)
Jewellery
 v - a cursed ring of teleportation (left hand)
 D - an uncursed ring of ice {unknown}
Scrolls
 e - a scroll of amnesia {unknown}
 g - a scroll of fear {unknown}
 h - 2 scrolls of remove curse
 i - 2 scrolls of identify
 s - a scroll of magic mapping {unknown}
 y - a scroll of enchant weapon {unknown}
 B - a scroll of fog {unknown}
Potions
 m - 2 potions of curing
 n - a potion of heal wounds {unknown}
 u - 2 potions of agility {unknown}
 w - 2 potions of degeneration {unknown}
 z - a potion of flight {unknown}
Books
 b - a book of Flames

   Spells                             Type                      Level
   a - Flame Tongue                   Conjuration/Fire             1
   b - Throw Flame                    Conjuration/Fire             2
   c - Conjure Flame                  Conjuration/Fire             3
   d - Inner Flame                    Hexes/Fire                   3
   e - Sticky Flame                   Conjuration/Fire             4
   f - Fireball                       Conjuration/Fire             5
Comestibles
 c - 2 bread rations
 d - 2 fruits
 A - a beef jerky
 E - a meat ration


   Skills:
 + Level 0.1 Short Blades
 + Level 1.1 Armour
 + Level 2.0 Dodging
 + Level 2.2 Stealth
 + Level 2.5 Spellcasting
 + Level 1.7 Conjurations
 + Level 3.6 Fire Magic


You had 2 spell levels left.
You knew the following spells:

 Your Spells              Type           Power        Failure   Level  Hunger
a - Flame Tongue          Conj/Fire      ##...        30%         1    None
b - Throw Flame           Conj/Fire      ##....       47%         2    ##.....
c - Conjure Flame         Conj/Fire      ##......     86%         3    ###....


Dungeon Overview and Level Annotations

Branches:
Dungeon (4/15)
 Temple: D:4-7


Innate Abilities, Weirdness & Mutations

You have an increased reservoir of magic. (+10% MP)


Message History

The iguana bites you but does no damage.
Casting: Flame Tongue
Confirm with . or Enter, or press ? or * to list all spells.
Aiming: Flame Tongue
Press: ? - help, Shift-Dir - straight line, f/p - iguana
Aim: an iguana (moderately wounded)
The flame tongue hits the iguana.
The iguana is severely wounded.
The iguana barely misses you.
You feel better. The iguana bites you!
* * * LOW HITPOINT WARNING * * *
Casting: Flame Tongue
Confirm with . or Enter, or press ? or * to list all spells.
Aiming: Flame Tongue
Press: ? - help, Shift-Dir - straight line, f/p - iguana
Aim: an iguana (severely wounded)
The flame tongue hits the iguana.
The iguana is almost dead.
The iguana bites you!
You die...

# ......##.##### #
###.........# #
#...........# ..
#....#...####..####
##.......#...#[.#.....
##..###.##...#..#...##
.. #......#'##..##
#.###........##.## "..
#.....@....... #.##
####.#l#.##### #
#...$.# #####.###
....########
##........# #........#
#........# #.<......#


You could see an iguana.

Vanquished Creatures
  A hound (D:4)
  An orc priest (D:3)
  An adder (D:2)
  2 oozes
  2 dart slugs (D:1)
  2 leopard geckos (D:1)
  4 bats
  3 giant cockroaches
  3 goblins
  7 hobgoblins
  2 jackals (D:1)
  6 kobolds
  A ball python (D:2)
  A frilled lizard (D:2)
  4 rats
40 creatures vanquished.

Notes
Turn   | Place    | Note
-------+----------+-------------------------------------------
     0 | D:1      | smedtjen the Demigod Fire Elementalist began the quest for the Orb.
     0 | D:1      | Reached XP level 1. HP: 14/14 MP: 5/5
   316 | D:1      | Reached skill level 3 in Fire Magic
   316 | D:1      | Reached XP level 2. HP: 10/20 MP: 0/7
   558 | D:1      | Learned a level 2 spell: Throw Flame
   569 | D:1      | Reached skill level 1 in Conjurations
  1054 | D:1      | Reached XP level 3. HP: 26/26 MP: 5/8
  2344 | D:2      | Reached skill level 1 in Armour
  2356 | D:2      | Learned a level 3 spell: Conjure Flame
  2566 | D:3      | Reached XP level 4. HP: 33/33 MP: 2/10
  2748 | D:4      | Mangled by an iguana

Skill      XL: |  1  2  3 |
---------------+----------+-----
Stealth        | 2 |  2.2
Fire Magic     | 3 |  3.6
Spellcasting   | 2 |  2.5
Conjurations   | 1 |  1.7
Dodging        | 2 |  2.0
Armour         | 1 |  1.1
Short Blades   | |  0.1

Action                   |  1- 3 |  4- 6 || total
-------------------------+-------+-------++-------
Melee: Unarmed           |     1 |       ||     1
       Club              |    27 |       ||    27
       Short sword       |    22 |       ||    22
       Spear             |       |     4 ||     4
 Cast: Flame Tongue      |    57 |     7 ||    64
       Throw Flame       |     8 |     1 ||     9
  Use: Scroll            |     2 |       ||     2
       Potion            |       |     1 ||     1
  Eat: Chunk             |     4 |       ||     4
       Fruit             |     2 |       ||     2
       Beef jerky        |     1 |       ||     1
Armor: Scale mail        |    49 |     7 ||    56
       Robe              |     1 |       ||     1
Dodge: Dodged            |    52 |     5 ||    57
